 Dungeon Crawl Stone Soup version 0.31-a0-1074-g0b22e4e0f1 (webtiles) character file.

Game seed: 5153086151405014325

89761 Dittersdorf the Warrior (level 15, -4/111 HPs)
             Began as a Gargoyle Fighter on Nov 28, 2023.
             Was an Initiate of Gozag.
             Slain by an enormous slime creature (25 damage)
             ... on level 13 of the Dungeon.
             The game lasted 00:36:39 (23579 turns).

Dittersdorf the Warrior (Gargoyle Fighter)         Turns: 23579, Time: 00:36:39

Health: -4/111     AC: 38    Str: 29    XL:     15   Next: 98%
Magic:  15/15      EV:  8    Int: 12    God:    Gozag
Gold:   4691       SH: 18    Dex:  9    Spells: 14/14 levels left

rFire   + . .        y - +2 morningstar (protect)
rCold   + + .        C - +1 tower shield of Mezcal {Fly rC+}
rNeg    + + +        F - +1 chain mail {rC+}
rPois   ∞            E - +1 helmet "Ceujoepp" {Str+2}
rElec   +            l - +0 cloak
rCorr   +            (no gloves)
SInv    +            d - +0 pair of boots
Will    +....        x - amulet of regeneration Stlth
                     B - ring "Etsiquuwn" {rF+ rCorr Int+3 SInv}
HPRegen 1.18/turn    i - ring "Rohihaol" {Fly rN++}
MPRegen 0.14/turn

%: no passive effects
@: under a protective aura, flying
A: sickness immunity, AC +11, big wings, negative energy resistance 1,
electricity resistance, torment resistance 1, petrification resistance
a: Renounce Religion, Potion Petition, Call Merchant, Bribe Branch


You were on level 13 of the Dungeon.
You worshipped Gozag.
Gozag was most pleased with you.
You visited 3 branches of the dungeon, and saw 19 of its levels.
You also visited: Bailey, Gauntlet and Volcano.

You collected 5524 gold pieces.
You spent 676 gold pieces at shops.
You paid 157 gold pieces to Gozag.

Inventory:

Hand Weapons
 y - a +2 morningstar of protection (weapon)
Missiles
 z - 4 throwing nets
Armour
 d - a +0 pair of boots (worn)
 f - a +3 plate armour of fire resistance
 l - a +0 cloak (worn)
 q - the +0 helmet of Rotini {rCorr}
   (You found it in a Gauntlet)

   rCorr:     It protects you from acid and corrosion.
 C - the +1 tower shield of Mezcal (worn) {Fly rC+}
   (You found it on level 2 of the Lair of Beasts)

   rC+:       It protects you from cold.
   Fly:       It grants you flight.
 E - the +1 helmet "Ceujoepp" (worn) {Str+2}
   (You found it in a Gauntlet)

   Str+2:     It affects your strength (+2).
 F - a +1 chain mail of cold resistance (worn)
 G - a +2 scale mail of positive energy
Jewellery
 i - the ring "Rohihaol" (right hand) {Fly rN++}
   (You found it on level 8 of the Dungeon)

   [ring of flight]

   rN++:      It greatly protects you from negative energy.
   Fly:       It grants you flight.
 o - a ring of protection from cold
 x - an amulet of regeneration (around neck)
 B - the ring "Etsiquuwn" (left hand) {rF+ rCorr Int+3 SInv}
   (You found it on level 2 of the Lair of Beasts)

   [ring of see invisible]

   Int+3:     It affects your intelligence (+3).
   rF+:       It protects you from fire.
   SInv:      It lets you see invisible.
   rCorr:     It protects you from acid and corrosion.
 D - a ring of willpower
Wands
 K - a wand of acid (6) (quivered)
Scrolls
 a - 4 scrolls of poison
 e - 3 scrolls of fog
 k - 5 scrolls of fear
 p - 5 scrolls of teleportation
 t - 2 scrolls of enchant weapon
 A - a scroll of summoning
 H - a scroll of enchant armour
 J - a scroll of identify
Potions
 b - 7 potions of mutation
 c - 3 potions of might
 h - 8 potions of heal wounds
 j - a potion of cancellation
 m - 2 potions of invisibility
 n - 4 potions of enlightenment
 r - 4 potions of curing
 s - a potion of berserk rage
 u - 8 potions of haste
 v - 2 potions of brilliance
 w - 4 potions of resistance
Miscellaneous
 g - a phantom mirror


   Skills:
 + Level 19.0 Fighting
 + Level 12.9 Maces & Flails
 + Level 14.2 Armour
 + Level 14.2 Shields


You had 14 spell levels left.
You didn't know any spells.
Your spell library contained the following spells:

 Spells                   Type           Power      Damage    Failure   Level
 Apportation              Tloc           0%         N/A       91%         1
 Foxfire                  Conj/Fire      0%         2x1d4     91%         1
 Kiss of Death            Conj/Necr      0%         2d5       91%         1
 Magic Dart               Conj           0%         1d3       91%         1
 Necrotise                Necr           0%         1d4       91%         1
 Sting                    Tmut/Pois      0%         1d3       91%         1
 Summon Small Mammal      Summ           0%         N/A       91%         1
 Blink                    Tloc           0%         N/A       97%         2
 Jinxbite                 Hex            0%         N/A       97%         2
 Lesser Beckoning         Tloc           0%         N/A       97%         2
 Momentum Strike          Conj/Tloc      0%         3d8       97%         2
 Poisonous Vapours        Pois/Air       0%         N/A       97%         2
 Searing Ray              Conj           0%         2d4       97%         2
 Call Canine Familiar     Summ           0%         N/A       100%        3
 Confusing Touch          Hex            0%         N/A       100%        3
 Gell's Gravitas          Tloc           0%         N/A       100%        3
 Hailstorm                Conj/Ice       0%         3d3       100%        3
 Summon Guardian Golem    Hex/Summ       0%         N/A       100%        3
 Teleport Other           Tloc           0%         N/A       100%        3
 Vampiric Draining        Necr           0%         2d6       100%        3
 Dispel Undead            Necr           0%         3d6       100%        4
 Fulminant Prism          Conj/Hex       0%         3d5       100%        4
 Olgreb's Toxic Radiance  Pois           0%         N/A       100%        4
 Summon Ice Beast         Ice/Summ       0%         N/A       100%        4
 Alistair's Intoxication  Tmut/Pois      0%         N/A       100%        5
 Plasma Beam              Fire/Air       0%         2x1d10    100%        6
 Starburst                Conj/Fire      0%         6d3       100%        6
 Discord                  Hex            0%         N/A       100%        8
 Simulacrum               Ice/Necr       Unusable   N/A       N/A         6

Dungeon Overview and Level Annotations

Branches:
Dungeon (13/15)            Temple (1/1) D:7            Lair (5/5) D:9
 Shoals (0/4) Lair:2        Snake (0/4) Lair:2        Slime (0/5) Lair:4
    Orc (0/2) D:12         Bailey (visited)         Volcano (visited)
Gauntlet (visited)
 Vaults: D:13-14

Altars:
Ashenzari
Cheibriados
Dithmenos
Elyvilon
Fedhas
Gozag
Hepliaklqana
Kikubaaqudgha
Makhleb
Nemelex Xobeh
Okawaru
Qazlal
Ru
Sif Muna
Trog
Uskayaw
Vehumet
Wu Jian
Xom
Yredelemnul
Zin
The Shining One

Shops:
D:2 ?   D:6 [*   D:10 *

Annotations:
D:8 1 transporter


Innate Abilities, Weirdness & Mutations

You are immune to sickness and miasma.
Your stone body is resilient. (AC +11)
You are immune to poison.
Your large and strong wings let you fly.
You resist negative energy. (rN+)
You are resistant to electric shocks. (rElec)
You are resistant to unholy torment.
You are immune to petrification.


Message History

The bolt of acid hits the enormous slime creature!
The enormous slime creature seems to be corroded for longer.
The enormous slime creature is heavily wounded.
The enormous slime creature completely misses you.
You impale the enormous slime creature!!
The enormous slime creature is heavily wounded.
The large slime creature is no longer covered in acid.
The manticore flicks its tail.
The volley of spikes hits you but does no damage.
You block the enormous slime creature's attack.
You block the large slime creature's attack.
You sock the enormous slime creature!
The enormous slime creature is severely wounded.
You hear the faint crackling of a very distant melting archway.
You block the acid dragon's attack. x2; The enormous slime creature hits you!!!
* * * LOW HITPOINT WARNING * * *
You barely miss the manticore.
A large slime creature splits.
The acid dragon closely misses you. You block the acid dragon's attack.
You block the manticore's attack.
The manticore claws you but does no damage.
You block the manticore's attack.
You block the enormous slime creature's attack.
The slime creature hits you but does no damage.
You barely miss the manticore.
The acid dragon bites you but does no damage.
You block the acid dragon's attack.
A purple ugly thing comes into view.
You block the manticore's attack.
The manticore claws you but does no damage.
You block the manticore's attack.
A shadow comes into view.
The enormous slime creature hits you but does no damage.
You block the slime creature's attack. The slime creature barely misses you.
You sock the manticore!
The manticore is moderately wounded.
You block the acid dragon's attack. x2; You block the manticore's attack.
The manticore claws you but does no damage.
You block the manticore's attack. The enormous slime creature hits you!!
You die...
Your body crumbles into a pile of gold.

.....##[_...D..... #....
#.......#....... #....
#.....####...... ......
###.....##.......
......##.#..............
.....#.................
.......................
...###DJJ.....##......#.
......J@H............
.....................
..........##........
.u.............<..
........#......$..
#...........).##.
##.##..W....### ..
.......##


You could see a purple ugly thing, an enormous slime creature (corroded), 2
slime creatures, a manticore, an acid dragon and a shadow.

Vanquished Creatures
  An orc warlord (Bailey)
  A quicksilver ooze (Gauntlet)
  The ghost of bmb222 the Spear-Bearer, a journeyman MiGl of the Shining One (D:12)
  A minotaur (Gauntlet)
  An ogre mage (D:9)
  5 hydras
  A centaur warrior (D:13)
  3 boulder beetles
  A catoblepas (Lair:3)
  4 two-headed ogres
  A dancing weapon (D:12)
  A tengu warrior (D:9)
  2 death scarabs (Gauntlet)
  A deep troll earth mage (D:9)
  A sun demon (Volcano)
  A hell knight (Volcano)
  Amaemon (Lair:1)
  A spectral death yak (Gauntlet)
  A goliath frog (Lair:5)
  A necromancer (Gauntlet)
  A lindwurm (Lair:5)
  2 orc knights
  A wolf spider zombie (D:7)
  6 ugly things
  A deep elf pyromancer (D:12)
  A wolf spider (D:9)
  3 manticores
  4 cyclopes
  4 black mambas
  21 elephants
  19 cane toads
  An orange demon (Lair:1)
  A centaur skeleton (D:7)
  Jeremiah (D:7)
  3 kobold demonologists
  4 rime drakes
  9 komodo dragons
  A red devil (Volcano)
  A polar bear (Lair:5)
  4 trolls
  A hellwing (D:6)
  3 tyrant leeches (Lair:5)
  2 hornets (D:10)
  30 blink frogs
  A spectral dream sheep (Gauntlet)
  A meliai zombie (D:7)
  A spectral black mamba (Gauntlet)
  2 vampires
  A shadow (D:9)
  A wyvern (Lair:5)
  A spectral komodo dragon (Gauntlet)
  3 steam dragons
  2 basilisks
  An unseen horror simulacrum (D:10)
  4 wraiths
  5 vampire mosquitoes (Lair:5)
  55 yaks
  Menkaure (D:7)
  2 nagas (Lair:2)
  19 water moccasins
  2 acid dragons
  A hell hound (Volcano)
  3 sky beasts
  10 orc warriors
  2 black bears (D:6)
  2 ice beasts
  12 wolves
  4 ogres
  2 phantoms (D:5)
  5 centaurs
  A kobold brigand (D:10)
  22 bullfrogs
  4 gnoll sergeants
  6 scorpions
  3 wights (D:8)
  25 killer bees
  7 electric eels
  2 howler monkeys (D:9)
  5 hounds
  A jelly (D:6)
  3 gnoll boudas
  9 orc priests
  2 iguanas
  4 hell rats (Lair:2)
  2 sleepcaps (D:4)
  Natasha (thrice) (D:2)
  A boggart zombie (D:7)
  12 orc wizards
  29 gnolls
  4 adders
  5 shadow imps (D:6)
  A white imp (D:5)
  6 ufetubi
  5 worms
  2 dart slugs
  50 orcs
  4 endoplasms
  4 giant cockroaches
  10 goblins
  4 hobgoblins
  15 kobolds
  5 quokkas
  4 ball pythons
  7 bats
  8 frilled lizards
  6 rats
578 creatures vanquished.

Vanquished Creatures (others)
  2 orc wizards (D:8)
2 creatures vanquished.

Grand Total: 580 creatures vanquished

Notes
Turn   | Place    | Note
-------+----------+-------------------------------------------
     0 | D:1      | Dittersdorf the Gargoyle Fighter began the quest for the
                  | Orb.
     0 | D:1      | Reached XP level 1. HP: 14/14 MP: 1/1
     3 | D:1      | Noticed an electric eel
     4 | D:1      | Noticed an electric eel
   108 | D:1      | Reached XP level 2. HP: 19/19 MP: 2/2
   415 | D:1      | Reached XP level 3. HP: 23/23 MP: 3/3
   791 | D:2      | Found a faded altar of an unknown god.
   869 | D:2      | Noticed Natasha
   877 | D:2      | Killed Natasha
   878 | D:2      | Reached XP level 4. HP: 26/29 MP: 4/4
   886 | D:2      | Noticed Natasha
   896 | D:2      | Killed Natasha
   897 | D:2      | Reached skill level 4 in Fighting
  1169 | D:2      | Found Huvaoz's Magic Scroll Shop.
  1222 | D:2      | Noticed Natasha
  1231 | D:2      | Killed Natasha
  1232 | D:2      | Reached XP level 5. HP: 27/33 MP: 5/5
  2887 | D:4      | Reached XP level 6. HP: 39/39 MP: 6/6
  3551 | D:4      | Found a shadowy altar of Dithmenos.
  3562 | D:4      | Found a hide-covered altar of Uskayaw.
  3631 | D:5      | Entered Level 5 of the Dungeon
  3643 | D:5      | Reached skill level 5 in Armour
  3794 | D:5      | Reached skill level 5 in Fighting
  3794 | D:5      | Reached skill level 5 in Shields
  3800 | D:5      | Reached XP level 7. HP: 19/44 MP: 7/7
  5009 | D:6      | Noticed a kobold demonologist
  5023 | D:5      | Noticed a rust devil
  5027 | D:6      | Killed a kobold demonologist
  5028 | D:6      | Reached skill level 6 in Fighting
  5028 | D:6      | Reached skill level 5 in Maces & Flails
  5028 | D:6      | Reached XP level 8. HP: 14/51 MP: 8/8
  5849 | D:6      | Found Syri's General Store.
  5904 | D:6      | Found Piqume's Antique Armour Boutique.
  5983 | D:6      | Reached XP level 9. HP: 56/56 MP: 9/9
  6089 | D:6      | Reached skill level 7 in Fighting
  6411 | D:7      | Noticed Menkaure
  6416 | D:7      | Noticed a hellwing
  6557 | D:6      | Killed a hellwing
  7613 | D:7      | Noticed Jeremiah
  8026 | D:7      | Reached skill level 8 in Fighting
  8103 | D:7      | Reached XP level 10. HP: 63/64 MP: 10/10
  8117 | D:7      | Killed Menkaure
  8288 | D:7      | HP: 3/65 [Jeremiah/+4 trident of draining (3)]
  8291 | D:7      | Killed Jeremiah
  8658 | D:7      | Found a staircase to the Ecumenical Temple.
  8680 | Temple   | Entered the Ecumenical Temple
  8750 | Temple   | Became a worshipper of Gozag Ym Sagoz the Greedy
  9063 | D:8      | Noticed a boulder beetle
  9307 | D:8      | Killed a boulder beetle
  9308 | D:8      | Reached skill level 9 in Fighting
  9341 | D:8      | Found a flagged portal.
  9351 | Bailey   | Entered a bailey
  9487 | Bailey   | Noticed an orc warlord
  9540 | Bailey   | Noticed an orc knight
  9567 | Bailey   | Killed an orc knight
  9686 | Bailey   | Found a runed translucent gate.
  9688 | Bailey   | Found a runed translucent gate.
  9689 | Bailey   | Found a runed translucent gate.
  9938 | Bailey   | Reached skill level 13 in Fighting
  9938 | Bailey   | Reached XP level 11. HP: 78/78 MP: 11/11
  9957 | Bailey   | Killed an orc warlord
  9985 | Bailey   | Got the Octavo of Ghastly Fascination
 10036 | D:8      | Reached XP level 12. HP: 55/84 MP: 12/12
 10262 | D:2      | Bought a scroll of acquirement for 676 gold pieces
 10262 | D:2      | Acquired an amulet of regeneration
 10486 | D:8      | Identified the ring "Rohihaol" {Fly rN++}
 10491 | D:8      | Reached skill level 16 in Fighting
 10491 | D:8      | Reached XP level 13. HP: 94/94 MP: 13/13
 10817 | D:8      | Found a transporter.
 11691 | D:8      | Reached skill level 10 in Armour
 11787 | D:9      | Found a staircase to the Lair.
 11838 | D:9      | Reached skill level 10 in Shields
 12415 | D:10     | Entered Level 10 of the Dungeon
 14105 | D:10     | Reached skill level 17 in Fighting
 14114 | D:10     | Identified the +11 long sword of Weetz {flame, rElec
                  | Stlth+}
 14771 | D:10     | Found Zeil's Gadget Gallery.
 15250 | Lair:1   | Entered Level 1 of the Lair of Beasts
 15260 | Lair:1   | Reached skill level 10 in Maces & Flails
 15602 | Lair:1   | Noticed Amaemon
 15615 | Lair:1   | Killed Amaemon
 15648 | Lair:1   | Gained mutation: Your large and strong wings let you fly.
                  | [Gargoyle growth]
 15648 | Lair:1   | Reached XP level 14. HP: 26/102 MP: 14/14
 16553 | Lair:2   | Found a staircase to the Shoals.
 16805 | Lair:2   | Identified the +1 tower shield of Mezcal {Fly rC+}
 16821 | Lair:2   | Identified the ring "Etsiquuwn" {rF+ rCorr Int+3 SInv}
 16856 | Lair:2   | Found a staircase to the Snake Pit.
 17946 | Lair:3   | Found a dark tunnel.
 17951 | Volcano  | Entered a volcano
 18430 | Lair:3   | Identified the +1 robe of Responsibility {Int+2}
 19180 | Lair:4   | Reached skill level 18 in Fighting
 19728 | Lair:4   | Found a staircase to the Slime Pits.
 19809 | Lair:4   | Reached XP level 15. HP: 96/108 MP: 15/15
 20061 | Lair:5   | Entered Level 5 of the Lair of Beasts
 20408 | Lair:5   | Found a gate leading to a gauntlet.
 20417 | Gauntlet | Entered a Gauntlet
 20417 | Gauntlet | Found a transporter.
 20417 | Gauntlet | Found a transporter.
 20417 | Gauntlet | Found a transporter.
 20418 | Gauntlet | Found a transporter.
 20421 | Gauntlet | Found a transporter.
 20431 | Gauntlet | Found a transporter.
 20435 | Gauntlet | Found a transporter.
 20445 | Gauntlet | Found a transporter.
 20452 | Gauntlet | Found a transporter.
 20469 | Gauntlet | Found a transporter.
 20473 | Gauntlet | Found a transporter.
 20483 | Gauntlet | Found a transporter.
 20709 | Gauntlet | Identified the +1 helmet "Ceujoepp" {Str+2}
 20779 | Gauntlet | Identified the +0 helmet of Rotini {rCorr}
 20790 | Gauntlet | Identified the +2 arbalest of Fenluh {drain, rPois Will+}
 21400 | Lair:5   | Identified the +2 longbow of Amorality {heavy, +Blink
                  | Int+3}
 22846 | D:12     | Found a staircase to the Orcish Mines.
 23018 | D:12     | Identified the +6 rapier of the Mind {freeze, rC++ Int+3}
 23023 | D:12     | Found a runed translucent door.
 23023 | D:12     | Found a shimmering altar of Xom.
 23023 | D:12     | Noticed bmb222's ghost (journeyman MiGl)
 23024 | D:12     | Identified the +5 quarterstaff "Backscratcher" {chaos, rN++
                  | Int+4 Dex-2}
 23094 | D:12     | Reached skill level 19 in Fighting
 23429 | D:12     | Killed bmb222's ghost
 23549 | D:13     | Found a bloodstained altar of Trog.
 23579 | D:13     | Slain by an enormous slime creature

Illustrated notes

Levels and vault maps discovered:
D:1:      arrival_aquarium_b, layout_basic, minmay_strange_pillars,
          minmay_misc_feat_roman, minmay_box_of_dots
D:2:      layout_loops_ring, serial_shops, shop,
          hellmonk_ecumenical_altar_lost_god, roderic_nine_men_s_morris,
          uniq_natasha
D:3:      layout_loops_corners, cheibrodos_sewer_entry_bend, dk_noncrumbling_2,
          supply_closet_lemuel, nicolae_eternal_life
D:4:      layout_loops_ring, amethyst_overflow_temple_binary, grunt_tough_drop
D:5:      layout_basic
D:6:      layout_cave_pods, serial_shops, shop, nicolae_shop_tiny_glass
D:7:      cheibrodos_grave_circle, layout_rooms, minmay_temple_entry_ruins,
          uniq_menkaure, uniq_jeremiah
D:8:      layout_basic, enter_bailey_2, nicolae_diode_basic
D:9:      layout_irregular_city, due_lair_maze_entry_diamond, serial_glass,
          glass_columns_b, glass_columns_b, glass_columns_a, glass_columns_c,
          glass_columns_c, glass_columns_c, glass_columns_c, glass_columns_a,
          glass_columns_a, glass_columns_c, due_unseen_surprise, feat_on_display
D:10:     nzn_winding_woodlands_stair_cross
          [nzn_winding_woodlands_5x15_river_crossing,
          nzn_winding_woodlands_center_triple_pond,
          nzn_winding_woodlands_5x15_default,
          nzn_winding_woodlands_5x5_closed_star,
          nzn_winding_woodlands_5x5_cross, nzn_winding_woodlands_5x15_crooked,
          nzn_winding_woodlands_center_lodge,
          nzn_winding_woodlands_5x15_longhouse], layout_loops_corners,
          nicolae_shop_gadgets
D:11:     layout_cave_pools, st_stairs_5, hangedman_decor_clover_reticule
D:12:     layout_irregular_city, erik_orc_3, ebering_ghost_xom
D:13:     layout_cave_pools, serial_shops, nicolae_shop_behind_doors,
          portal_ice_cave_entry_animals_and_master, kennysheep_cross_bottleneck,
          trog_three_pillars_becter, uniq_rupert
Temple:   nicolae_temple_slightly_damp_pantheon
Lair:1:   layout_long_grid, infiniplex_staircase_pool, uniq_amaemon
Lair:2:   layout_layer_cave, minmay_shoals_entry_centaurs,
          guppyfry_snake_entry_island
Lair:3:   layout_chaotic_city, nicolae_volcano_entry_s_turn
Lair:4:   layout_loops_ring, dpeg_slime_entry_corner
Lair:5:   minmay_lair_end_frog_pond, layout_cave_pods, gauntlet_entry_generic,
          chequers_serial_rivers_marsh, disabler_island

Skill      XL: |  1  2  3  4  5  6  7  8  9 10 11 12 13 14 15 |
---------------+----------------------------------------------+-----
Fighting       | 4 5 6 8 13 16 17 18 19 | 19.0
Armour         | 4 5 6 7 8 9 11 13 14 | 14.2
Shields        | 4 5 6 8 9 11 12 14 | 14.2
Maces & Flails | 3 5 7 8 10 11 12 | 12.9

Action                     |  1- 3 |  4- 6 |  7- 9 | 10-12 | 13-15 || total
---------------------------+-------+-------+-------+-------+-------++-------
  Melee: Flail             |    85 |   230 |   364 |   264 |   535 ||  1478
         Morningstar       |       |       |       |       |  1545 ||  1545
  Throw: Dart              |       |       |     4 |    24 |     8 ||    36
  Evoke: Wand              |       |       |       |       |     2 ||     2
    Use: Scroll            |       |     6 |     7 |     8 |    11 ||    32
         Potion            |       |       |     1 |     5 |     1 ||     7
   Stab: Distracted        |       |       |       |     1 |    10 ||    11
 Armour: Scale mail        |    55 |    23 |       |       |       ||    78
         Chain mail        |       |   224 |   581 |   151 |    90 ||  1046
         Plate armour      |       |       |       |    52 |  2092 ||  2144
  Dodge: Dodged            |    36 |   120 |   260 |    99 |   675 ||  1190
  Block: Buckler           |    17 |    76 |   145 |   137 |   271 ||   646
         Reflection        |       |       |       |     7 |       ||     7
         Tower shield      |       |       |       |       |  1681 ||  1681

Table legend: (Time is in decaauts)
 A = Elapsed time spent in this place.
 B = Non-inter-level travel time spent in this place.
 C = Inter-level travel time spent in this place.
 D = Time resting spent in this place.
 E = Time spent auto-exploring this place.
 F = Levels seen in this place.
 G = Mean time per level.
                   A        B        C        D        E       F      G
               +--------+--------+--------+--------+--------+-----+--------+
         Total |  23854 |  22589 |   1265 |   4519 |  10941 |  22 | 1084.3 |
       Dungeon |  16431 |  15336 |   1095 |   3980 |   6841 |  13 | 1263.9 |
        Temple |     90 |     54 |     36 |     36 |      0 |   1 |   90.0 |
          Lair |   5950 |   5816 |    134 |    170 |   3887 |   5 | 1190.0 |
        Bailey |    652 |    652 |      0 |    299 |     74 |   1 |  652.0 |
       Volcano |    323 |    323 |      0 |     30 |      0 |   1 |  323.0 |
      Gauntlet |    407 |    407 |      0 |      4 |    139 |   1 |  407.0 |
               +--------+--------+--------+--------+--------+-----+--------+

Top non-repeatable levels by time:
     D:6: 2708 daAuts
    D:10: 2326 daAuts
     D:9: 1509 daAuts
     D:5: 1489 daAuts
     D:8: 1471 daAuts
  Lair:2: 1429 daAuts
  Lair:5: 1342 daAuts
     D:4: 1300 daAuts
     D:3: 1179 daAuts
  Lair:1: 1169 daAuts
     D:7: 1120 daAuts
  Lair:3: 1057 daAuts
     D:2: 976 daAuts
  Lair:4: 951 daAuts
    D:12: 836 daAuts
